 Dungeon Crawl Stone Soup version 0.16.1-2-g95b8d4c (webtiles) character file.

69337 RobertPalmer the Imperceptible (level 15, 0/90 HPs)
             Began as an Octopode Warper on Mar 25, 2015.
             Was the Champion of Ashenzari.
             Slain by a raven (4 damage)
             ... led by a tengu warrior
             ... on level 15 of the Dungeon on Mar 26, 2015.
             The game lasted 01:48:57 (32547 turns).

RobertPalmer the Imperceptible (Octopode Warper)   Turns: 32547, Time: 01:48:57

Health: 0/90       AC:  6    Str: 11    XL:     15   Next: 29%
Magic:  28/33      EV: 22    Int: 20    God:    Ashenzari [******]
Gold:   2148       SH:  0    Dex: 20    Spells: 8 memorised, 10 levels left

rFire  + . .     SeeInvis +     a - +4 dagger (distort) (curse) {!w}
rCold  . . .     Clarity  +     (no shield)
rNeg   + . .     SustAb   .     m - +2 hat (curse)
rPois  .         Gourm    .     (no amulet)
rElec  .         Spirit   .     K - ring of fire (curse) {rF+, rC-}
rCorr  .         Warding  .     G - ring "Cloc" {rF- rC+ rN+ MR++ AC+3 Int+4} (curse)
rMut   .         Stasis   .     P - ring "Ferghykoff" {+Inv rC+ MR+} (curse)
MR     +++++                    H - +3 ring of dexterity (curse)
Stlth  ++++++++++               F - ring of fire (curse) {rF+, rC-}
                                D - ring of protection from magic (curse) {MR+, !d}
                                (no ring)
                                (no ring)

@: very slightly contaminated, invisible, almost entirely resistant to hostile
enchantments, uncannily stealthy
A: almost no armour, amphibious, 8 rings, constrict 8, camouflage 1, gelatinous
body 1
a: Scrying, Transfer Knowledge, Renounce Religion, Turn Visible


You were on level 15 of the Dungeon.
You worshipped Ashenzari.
Ashenzari was exalted by your worship.
You were near starving.

You visited 3 branches of the dungeon, and saw 24 of its levels.
You also visited: Labyrinth, Sewer and Volcano.

You collected 2148 gold pieces.

Inventory:

Hand weapons
 a - a cursed +4 dagger of distortion (weapon) {!w}
   (You took it off Sonja on level 10 of the Dungeon)
Missiles
 h - 2 throwing nets {=f, !d}
Armour
 m - a cursed +2 hat (worn)
   (You found it in a sewer)
Jewellery
 D - a cursed ring of protection from magic (on tentacle) {MR+, !d}
   (You found it on level 13 of the Dungeon)
 F - a cursed ring of fire (on tentacle) {rF+, rC-}
   (You found it on level 1 of the Lair of Beasts)
 G - the cursed ring "Cloc" (right tentacle) {rF- rC+ rN+ MR++ AC+3 Int+4}
   (You took it off a minotaur in a labyrinth)

   [ring of protection]

   It affects your AC (+3).
   It affects your intelligence (+4).
   It makes you vulnerable to fire.
   It protects you from cold.
   It protects you from negative energy.
   It affects your resistance to hostile enchantments.
   It has a curse placed upon it.
 H - a cursed +3 ring of dexterity (on tentacle)
   (You found it in a labyrinth)
 K - a cursed ring of fire (left tentacle) {rF+, rC-}
   (You found it in a labyrinth)
 P - the cursed ring "Ferghykoff" (on tentacle) {+Inv rC+ MR+}
   (You found it in a labyrinth)

   [ring of protection from magic]

   It protects you from cold.
   It affects your resistance to hostile enchantments.
   It lets you turn invisible.
   It has a curse placed upon it.
 Z - an uncursed ring of protection from magic {MR+, !d}
   (You took it off a centaur on level 13 of the Dungeon)
Magical devices
 j - a wand of cold (5)
   (You found it on level 1 of the Lair of Beasts)
 k - a wand of disintegration (6)
   (You found it on level 12 of the Dungeon)
 w - a wand of enslavement (12)
   (You found it on level 14 of the Dungeon)
Scrolls
 b - a scroll of vulnerability {!r!r}
 c - a scroll of summoning
 d - 5 scrolls of blinking {!r}
 e - a scroll of immolation {!r}
 n - 3 scrolls of identify
 r - 5 scrolls of teleportation
 y - 3 scrolls of fog
 E - a scroll of enchant armour {unknown}
 J - a scroll of holy word {!r}
 M - a scroll of recharging
 S - 2 scrolls of curse jewellery
 V - 2 scrolls of remove curse
 X - a scroll of silence
 Y - 2 scrolls of magic mapping {!r}
Potions
 g - 5 potions of curing
 l - 4 potions of brilliance
 o - 2 potions of cure mutation {!q}
 s - 4 potions of heal wounds
 t - 3 potions of magic
 v - 5 potions of flight
 x - 4 potions of agility
 z - 2 potions of restore abilities
 A - 2 potions of resistance
 C - 3 potions of cancellation
 I - 2 potions of berserk rage {!q}
 R - a potion of invisibility
 T - a potion of haste
 U - 4 potions of might
Books
 q - a book of Unlife
   (You found it on level 12 of the Dungeon)
 W - a book of Summonings
   (You found it on level 8 of the Lair of Beasts)
Miscellaneous
 u - a lamp of fire
   (You found it on level 11 of the Dungeon)
 L - an ornate deck of summoning {the Rangers}
   (You found it in a labyrinth)
 N - a phial of floods
   (You found it in a labyrinth)
 O - a plain deck of changes {the Blade}
   (You found it in a labyrinth)
 Q - a phantom mirror
Comestibles
 f - 10 bread rations {@e1}
 i - 41 fruits
 p - 10 meat rations {@e2}


   Skills:
 - Level 4.2 Fighting
 - Level 5.8(10.3) Short Blades
 - Level 1.0 Throwing
 - Level 6.4(11.0) Dodging
 - Level 21.8(25.2) Stealth
 + Level 10.8 Spellcasting
 - Level 5.8(8.9) Conjurations
 - Level 7.3(10.4) Summonings
 - Level 7.7(10.7) Translocations
 - Level 1.0(2.7) Air Magic
 - Level 10.5(13.2) Evocations


You had 10 spell levels left.
You knew the following spells:

 Your Spells              Type           Power        Failure   Level  Hunger
a - Passage of Golubria   Tloc           N/A          1%          4    ##.....
b - Blink                 Tloc           N/A          1%          2    None
c - Teleport Other        Tloc           ######..     1%          3    None
g - Apportation           Tloc           ######....   1%          1    None
q - Abjuration            Summ           ######....   1%          3    None
s - Shadow Creatures      Summ           N/A          2%          5    ####...
x - Mephitic Cloud        Conj/Pois/Air  ####....     4%          3    None
A - Animate Dead          Necr           N/A          58%         4    ##.....


Dungeon Overview and Level Annotations

Branches:
Dungeon (15/15)            Temple (1/1) D:6            Lair (8/8) D:11
  Swamp (0/5) Lair:3        Snake (0/5) Lair:6        Slime (0/6) Lair:8
    Orc (0/4) D:12         Vaults (0/5) D:13
 Depths: D:15

Altars:
Ashenzari
Cheibriados
Dithmenos
Elyvilon
Fedhas
Gozag
Kikubaaqudgha
Makhleb
Nemelex Xobeh
Okawaru
Qazlal
Ru
Sif Muna
Trog
Vehumet
Xom
Yredelemnul
Zin
The Shining One
Jiyva

Annotations:
D:4 exclusion: Edmund, Edmund
D:10 Erica
D:11 exclusion: obsidian statue


Innate Abilities, Weirdness & Mutations

You cannot wear most types of armour.
You are amphibious.
You can wear up to eight rings at the same time.
You can use your tentacles to constrict many enemies at once.
Your skin changes colour to match your surroundings (Stealth).
Your rubbery body absorbs attacks (AC +1).


Message History

Your deep elf fighter points at the manticore and mumbles some strange words.
The puff of flame hits the manticore.
You take 21 damage, and have 69/90 hp.
MASSIVE DAMAGE!!
You hit the manticore.
Space bends around the manticore.
You hit the manticore. You squeeze the manticore.
You kill the manticore!
You start resting.
Your deep elf fighter casts a spell.
Your deep elf fighter flickers and vanishes for a moment.
You regained 6 hp, and now have 75/90 hp.
MP restored: 33 Unknown command.
You regained 2 hp, and now have 78/90 hp.
Your deep elf fighter dissolves into shadows!
A raven comes into view.
n - 3 scrolls of identify (gained 1)
You fade into invisibility!
You are very lightly contaminated with residual magic.
You are near starving!
You now have 31/33 mp. 2 ravens come into view.
The raven caws.
The raven moves out of view. x2
A raven and a tengu warrior come into view.
The raven misses you. The raven claws you.
You take 3 damage, and have 82/90 hp.
The tengu warrior shouts!
The raven caws.
The raven caws.
You hit the raven.
Space bends around the raven.
Your grab misses the raven. The raven pecks you!
The raven completely misses you.
You take 11 damage, and have 71/90 hp.
You hit the raven.
The raven looks slightly unstable.
You grab the raven. You constrict the raven. The raven misses you.
The raven claws you but does no damage. The raven closely misses you.
The raven completely misses you.
You hit the raven.
Space bends around the raven.
You squeeze the raven. You constrict the raven. The raven pecks you.
The raven completely misses you. The raven pecks you but does no damage.
The raven barely misses you. The raven completely misses you. x2
You take 1 damage, and have 70/90 hp.
You completely miss the raven. You constrict the raven.
The raven closely misses you. The raven claws you. The raven misses you.
The raven claws you. The raven misses you. The raven misses you.
You take 7 damage, and have 63/90 hp.
You hit the raven.
You kill the raven!
The raven barely misses you. The raven claws you! The raven misses you.
The raven misses you.
You take 7 damage, and have 56/90 hp.
You closely miss the raven. You grab the raven. You constrict the raven.
The raven barely misses you. The raven completely misses you.
The raven pecks you but does no damage. The raven completely misses you.
MP restored: 33 You hit the raven.
You grab the raven. You squeeze the raven.
The raven struggles to blink free from constriction.
You constrict the raven. x2
The raven pecks you but does no damage. The raven misses you.
The raven misses you. The raven completely misses you.
You barely miss the raven. You constrict the raven. You constrict the raven.
The raven misses you. The raven barely misses you.
The raven completely misses you. The raven misses you.
You catch the helpless tengu warrior completely off-guard!
You hit the tengu warrior!!!
You kill the tengu warrior!
You constrict the raven. x2
The raven completely misses you. The raven claws you but does no damage.
The raven closely misses you. The raven claws you but does no damage.
The raven barely misses you. The raven claws you but does no damage.
You hit the raven.
The raven struggles to blink free from constriction.
You constrict the raven. x2
The raven misses you. The raven claws you. The raven barely misses you.
The raven misses you. The raven pecks you but does no damage.
The raven closely misses you.
You take 1 damage, and have 56/90 hp.
You hit the raven but do no damage.
The raven looks slightly unstable.
Your grab misses the raven.
You squeeze the raven, but do no damage.
You constrict the raven. x2
The raven completely misses you. The raven closely misses you.
The raven pecks you but does no damage. The raven claws you!
The raven completely misses you. The raven barely misses you.
You take 7 damage, and have 49/90 hp.
Unknown command.
You closely miss the raven. Your grab misses the raven. You squeeze the raven!
You constrict the raven. x2
The raven pecks you! The raven completely misses you. The raven pecks you!
The raven misses you. The raven barely misses you. The raven claws you!
You take 21 damage, and have 28/90 hp.
MASSIVE DAMAGE!!
Wisps of shadow whirl around you...
You constrict the raven. You constrict the raven. The raven misses you.
The raven closely misses you. The raven completely misses you.
The raven closely misses you. The raven pecks you!
* * * LOW HITPOINT WARNING * * *
The raven claws you but does no damage. The raven completely misses you.
The raven closely misses you. The raven pecks you!
* * * LOW HITPOINT WARNING * * *
The raven claws you.
You die...

*################### ,
*,................... , #
**#................ *,* #.
#................ * * *
####.###................ ,,
, ....%...Z...............
,,, ,
,,.......b.................
,,,,
.......b@#######...###### ,
.......b)# #...# ,, ,
........#* * #...#*** ,,
......... , ....... , , ,,,
,, .......)) ,......... , ,
,, ,........? ,......... ,
,, , ,,.#.##### *########.
* , ,,, , .. .. , , ,
,,,,,,, * * * * #..##


You could see 3 ravens and a friendly centaur skeleton.

Vanquished Creatures
  A minotaur (Lab)
  4 centaur warriors
  A catoblepas (D:14)
  4 hydras
  5 death yaks (Lair:8)
  2 tengu warriors
  An unseen horror (D:14)
  2 hill giants
  A necromancer (D:13)
  An orc knight (D:12)
  3 ugly things
  A cyclops (D:11)
  A guardian serpent (Lair:8)
  3 manticores
  9 elephants
  A phantasmal warrior (D:13)
  A hornet (Lair:8)
  Maurice (D:8)
  A moth of wrath (shapeshifter) (D:13)
  10 black mambas
  2 gargoyles
  3 fire drakes
  An efreet (D:14)
  13 spiny frogs
  8 komodo dragons
  A yaktaur (shapeshifter) (D:14)
  A troll (D:10)
  Sonja (D:10)
  A polar bear (Lair:4)
  A giant leech (Lair:3)
  A harpy skeleton (D:14)
  24 blink frogs
  12 slime creatures
  A centaur simulacrum (D:14)
  A raven (D:15)
  2 basilisks
  A water elemental (D:12)
  A wraith (D:10)
  A redback (Lair:8)
  6 hungry ghosts
  3 deep elf magi
  A shadow (D:14)
  41 yaks
  2 hippogriffs
  2 steam dragons
  Grum (D:13)
  6 wyverns
  A hill giant zombie (D:12)
  3 swamp worms (Lair:6)
  2 mottled dragons (Lair:8)
  A vampire mosquito (D:14)
  5 wolves
  22 water moccasins
  5 porcupines
  7 orc warriors
  2 eyes of draining
  3 sky beasts
  3 swamp drakes
  4 wasps
  3 phantoms
  12 spiders
  A black bear (D:7)
  6 ice beasts
  9 crocodiles
  9 centaurs
  4 ogres
  A boring beetle (Lair:8)
  A big kobold (D:11)
  12 giant frogs
  3 scorpions
  5 electric eels
  5 killer bees (D:12)
  2 crimson imps
  A goliath beetle (D:9)
  4 jellies
  3 centaur skeletons
  A centaur zombie (D:5)
  7 hounds
  A giant frog skeleton (D:5)
  8 orc priests
  14 worker ants
  8 iguanas
  2 hell rats
  11 orc wizards
  6 ogre zombies (D:12)
  29 sheep
  2 hound zombies
  A hound skeleton (D:11)
  4 mummies
  2 worker ant zombies
  27 adders
  72 river rats
  A giant eyeball (D:12)
  4 giant mites
  4 worms
  3 shadow imps
  An adder zombie (D:5)
  4 giant geckos
  6 oozes
  33 orcs
  A ball python (Sewer)
  2 bat skeletons
  5 giant cockroaches
  6 hobgoblins
  12 jackals
  20 kobolds
  33 bats
  10 giant newts
  2 giant spores
  11 goblins
  A goblin skeleton (D:12)
  5 goblin zombies (D:12)
  2 hobgoblin skeletons (D:12)
  4 hobgoblin zombies
  3 jackal zombies
  2 kobold zombies (D:6)
  An orc skeleton (D:12)
  10 orc zombies (D:12)
  7 quokkas
  2 quokka skeletons
  25 rats
  A ballistomycete (D:14)
  6 fungi (Lair:8)
  3 plants (Lair:8)
755 creatures vanquished.

Vanquished Creatures (collateral kills)
  A death yak (Lair:8)
  Urug (D:13)
  A wolf spider zombie (D:13)
  A hill giant (D:13)
  An ugly thing (D:13)
  A komodo dragon (D:11)
  A freezing wraith (D:14)
  A two-headed ogre (D:12)
  A slime creature (D:12)
  A blink frog (Lair:3)
  A deep elf mage (D:12)
  A hungry ghost (D:12)
  A wolf (D:13)
  An ogre (D:13)
  A centaur (D:13)
  2 orcs (D:13)
  A giant spore (D:12)
  2 orc zombies (D:12)
20 creatures vanquished.

Vanquished Creatures (others)
  3 black mambas
  3 elephants
  3 spiny frogs
  3 slime creatures
  2 trolls
  A deep elf mage (D:13)
  5 yaks
  A water elemental (D:12)
  A wyvern (D:12)
  A hippogriff (D:12)
  2 water moccasins (Lair:8)
  A spider (D:11)
  An ogre (D:14)
  An orc warrior (D:11)
  2 wasps
  A phantom (D:12)
  A crocodile (Lair:1)
  2 centaurs
  A big kobold (D:11)
  6 giant frogs
  A scorpion (D:11)
  An electric eel (D:11)
  3 killer bees (D:12)
  A hound (Lair:3)
  An orc wizard (D:12)
  A sheep (Lair:1)
  An ogre zombie (D:12)
  A hound skeleton (D:11)
  2 adders
  7 river rats
  6 orcs
  A kobold (D:11)
  16 fungi
  13 plants
96 creatures vanquished.

Grand Total: 871 creatures vanquished

Notes
Turn   | Place    | Note
--------------------------------------------------------------
     0 | D:1      | RobertPalmer, the Octopode Warper, began the quest for the Orb.
     0 | D:1      | Reached XP level 1. HP: 14/14 MP: 3/3
    58 | D:1      | Reached XP level 2. HP: 10/19 MP: 4/4
   244 | D:1      | Reached skill level 3 in Short Blades
   537 | D:1      | Reached XP level 3. HP: 24/24 MP: 6/6
  1271 | D:2      | Reached skill level 4 in Short Blades
  1319 | D:2      | Found a bloodstained altar of Trog.
  1434 | D:2      | Reached skill level 1 in Stealth
  1434 | D:2      | Reached XP level 4. HP: 15/29 MP: 7/7
  1621 | D:2      | Reached skill level 2 in Stealth
  1950 | D:3      | Noticed a centaur
  1978 | D:3      | Reached skill level 3 in Stealth
  1982 | D:3      | HP: 7/29 [adder (3)]
  2102 | D:3      | Found a glowing drain.
  2110 | Sewer    | Entered a sewer
  2118 | Sewer    | Reached skill level 4 in Stealth
  2118 | Sewer    | Reached XP level 5. HP: 14/34 MP: 9/9
  2733 | Sewer    | Reached skill level 5 in Stealth
  2908 | D:3      | Killed a centaur
  2908 | D:3      | Reached skill level 6 in Stealth
  2908 | D:3      | Reached XP level 6. HP: 11/39 MP: 10/10
  3005 | D:3      | Learned a level 2 spell: Blink
  3010 | D:3      | Learned a level 4 spell: Passage of Golubria
  3209 | D:3      | Reached skill level 7 in Stealth
  3364 | D:4      | Found a shimmering altar of Xom.
  3365 | D:4      | Found a shimmering altar of Xom.
  3365 | D:4      | Found a shimmering altar of Xom.
  3373 | D:4      | Found a shimmering altar of Xom.
  3375 | D:4      | Found a shimmering altar of Xom.
  3375 | D:4      | Found a shimmering altar of Xom.
  3376 | D:4      | Found a shimmering altar of Xom.
  3530 | D:4      | Noticed Edmund
  3796 | D:4      | Reached skill level 8 in Stealth
  3855 | D:4      | Reached XP level 7. HP: 19/45 MP: 12/12
  3970 | D:4      | Reached skill level 9 in Stealth
  4154 | D:5      | Entered Level 5 of the Dungeon
  5005 | D:5      | Found a sacrificial altar of Ru.
  5289 | D:5      | Reached skill level 5 in Short Blades
  5584 | D:6      | Reached XP level 8. HP: 48/50 MP: 13/13
  5754 | D:6      | Reached skill level 10 in Stealth
  5794 | D:6      | Found a staircase to the Ecumenical Temple.
  6279 | D:6      | Reached skill level 11 in Stealth
  6300 | D:6      | Reached skill level 3 in Dodging
  6957 | Temple   | Entered the Ecumenical Temple
  6993 | Temple   | Became a worshipper of Ashenzari the Shackled
  7219 | D:7      | Reached skill level 4 in Translocations
  7301 | D:7      | Found a shadowy altar of Dithmenos.
  7352 | D:7      | Found an iron altar of Okawaru.
  7391 | D:7      | Noticed a troll
  7573 | D:7      | Found a radiant altar of Vehumet.
  7579 | D:7      | Reached skill level 5 in Translocations
  8037 | D:8      | Noticed a boulder beetle
  8161 | D:8      | Noticed Maurice
  8238 | D:8      | Reached XP level 9. HP: 38/54 MP: 14/14
  8308 | D:8      | Killed Maurice
  8308 | D:8      | Reached skill level 12 in Stealth
  8445 | D:8      | Identified the +7 hand axe of Resourcefulness {venom, rPois rN++}
  8494 | D:8      | HP: 10/54 [worker ant (7)]
  8497 | D:7      | HP: 4/54 [worker ant (5)]
  8502 | D:7      | HP: 4/54 [poisoned by a worker ant]
  8637 | D:7      | Found a deep blue altar of Sif Muna.
  8656 | D:7      | Identified Sif Muna's Volume of Transmigration
  9011 | D:9      | HP: 11/54 [hungry ghost (4)]
  9020 | D:9      | HP: 9/54 [hungry ghost (1)]
  9025 | D:9      | Reached skill level 4 in Dodging
  9521 | D:9      | Acquired Ashenzari's first power
  9538 | D:9      | Found a snail-covered altar of Cheibriados.
  9582 | D:9      | Reached skill level 5 in Dodging
  9702 | D:9      | Found an opulent altar of Gozag.
  9954 | D:10     | Entered Level 10 of the Dungeon
  9954 | D:10     | Noticed Sonja
  9955 | D:10     | Killed Sonja
  9955 | D:10     | Reached skill level 6 in Dodging
  9986 | D:10     | Noticed Erica
 10212 | D:10     | Learned a level 3 spell: Teleport Other
 10284 | D:10     | Reached skill level 6 in Translocations
 10335 | D:10     | Reached XP level 10. HP: 60/60 MP: 16/16
 10372 | D:9      | Reached skill level 7 in Translocations
 10840 | D:11     | Noticed an obsidian statue
 11065 | D:10     | Learned a level 3 spell: Mephitic Cloud
 11164 | D:11     | Reached skill level 1 in Conjurations
 11241 | D:11     | Noticed a cyclops
 11430 | D:11     | Reached skill level 2 in Conjurations
 11494 | D:11     | Found a staircase to the Lair.
 11744 | D:11     | Reached skill level 3 in Conjurations
 11747 | D:11     | Noticed a red ugly thing
 11942 | D:11     | Reached skill level 4 in Conjurations
 11964 | D:10     | HP: 15/60 [poisoned by a spider]
 11969 | D:10     | HP: 11/60 [poisoned by a spider]
 11975 | D:10     | HP: 8/60 [poisoned by a spider]
 11982 | D:10     | HP: 7/60 [poisoned by a spider]
 11989 | D:10     | HP: 6/60 [poisoned by a spider]
 11997 | D:10     | HP: 6/60 [poisoned by a spider]
 12240 | D:11     | Reached skill level 5 in Conjurations
 12693 | D:11     | Reached skill level 2 in Air Magic
 12809 | Lair:1   | Entered Level 1 of the Lair of Beasts
 12809 | Lair:1   | Noticed a black mamba
 12809 | Lair:1   | Noticed a black mamba
 12831 | Lair:1   | HP: 15/60 [black mamba (14)]
 12838 | Lair:1   | HP: 14/60 [poisoned by a black mamba]
 12845 | Lair:1   | HP: 13/60 [poisoned by a black mamba]
 12853 | Lair:1   | HP: 13/60 [poisoned by a black mamba]
 13101 | Lair:1   | Reached skill level 13 in Stealth
 13187 | Lair:1   | Noticed a black mamba
 13282 | Lair:1   | Acquired Ashenzari's second power
 13347 | Lair:1   | HP: 15/60 [poisoned by a black mamba]
 13353 | Lair:1   | HP: 12/60 [poisoned by a black mamba]
 13360 | Lair:1   | HP: 10/60 [poisoned by a black mamba]
 13367 | Lair:1   | HP: 10/60 [poisoned by a black mamba]
 13375 | Lair:1   | HP: 9/60 [poisoned by a black mamba]
 13965 | Lair:1   | Reached skill level 2 in Evocations
 13965 | Lair:1   | Reached XP level 11. HP: 64/64 MP: 17/17
 14075 | Lair:1   | Reached skill level 3 in Evocations
 14083 | Lair:1   | Reached skill level 4 in Evocations
 14181 | Lair:1   | Reached skill level 5 in Evocations
 14242 | Lair:1   | Banished a black mamba
 14372 | Lair:1   | Reached skill level 6 in Evocations
 14542 | Lair:1   | Reached skill level 7 in Evocations
 14839 | Lair:2   | Banished a black mamba
 14839 | Lair:2   | Reached skill level 8 in Evocations
 14951 | Lair:2   | Reached skill level 9 in Evocations
 15231 | Lair:2   | Reached skill level 10 in Evocations
 15528 | Lair:2   | Reached skill level 14 in Stealth
 15584 | Lair:2   | Reached skill level 15 in Stealth
 15584 | Lair:2   | Reached XP level 12. HP: 55/70 MP: 25/25
 16074 | Lair:2   | HP: 6/70 [black mamba[a water moccasin] (20)]
 16075 | Lair:2   | HP: 2/70 [poisoned by a water moccasin]
 16455 | Lair:3   | Found a labyrinth entrance.
 16467 | Lab      | Entered a labyrinth
 16780 | Lab      | Noticed a minotaur
 16793 | Lab      | Killed a minotaur
 16793 | Lab      | Identified the ring "Cloc" {rF- rC+ rN+ MR++ AC+3 Int+4} (You took it off a minotaur in a labyrinth)
 16799 | Lab      | Identified the ring "Ferghykoff" {+Inv rC+ MR+}
 16947 | Lair:3   | Acquired Ashenzari's third power
 16958 | Lair:3   | Reached skill level 16 in Stealth
 17390 | Lair:3   | Found a staircase to the Swamp.
 17618 | Lair:4   | Reached skill level 17 in Stealth
 18284 | Lair:4   | Reached skill level 18 in Stealth
 19018 | Lair:5   | Acquired Ashenzari's fourth power
 19808 | Lair:6   | Found a dark tunnel.
 19827 | Volcano  | Entered a volcano
 19852 | Volcano  | Reached skill level 19 in Stealth
 20489 | Lair:6   | Reached XP level 13. HP: 65/74 MP: 26/26
 20517 | Lair:6   | Found a staircase to the Snake Pit.
 20650 | Lair:6   | Noticed an eight-headed hydra
 20682 | Lair:6   | Killed an eight-headed hydra
 20682 | Lair:6   | Reached skill level 20 in Stealth
 20890 | Lair:6   | Noticed a four-headed hydra
 20898 | Lair:6   | Killed a four-headed hydra
 21017 | Lair:7   | Identified the +2 hand crossbow of Perversion {flame, rC+}
 21151 | Lair:7   | Reached skill level 21 in Stealth
 22046 | Lair:8   | Entered Level 8 of the Lair of Beasts
 22217 | Lair:8   | Learned a level 3 spell: Abjuration
 22268 | Lair:8   | Reached skill level 1 in Summonings
 22281 | Lair:8   | Reached skill level 2 in Summonings
 22434 | Lair:8   | Reached skill level 3 in Summonings
 22828 | Lair:8   | Reached skill level 4 in Summonings
 22923 | Lair:8   | Found a staircase to the Slime Pits.
 22960 | Lair:8   | Found a viscous altar of Jiyva.
 22982 | Lair:8   | Identified the +2 long sword "Vytomn" {speed, rElec}
 23014 | Lair:8   | Reached skill level 5 in Summonings
 23294 | Lair:8   | Reached skill level 6 in Summonings
 23294 | Lair:8   | Reached XP level 14. HP: 81/81 MP: 25/27
 23308 | Lair:8   | Reached skill level 7 in Summonings
 23311 | Lair:8   | HP: 13/81 [death yak (25)]
 23575 | Lair:8   | Reduced skill Air Magic to level 1
 24018 | Lair:8   | Reached skill level 3 in Spellcasting
 24519 | Lair:8   | Reached skill level 4 in Spellcasting
 25047 | Lair:8   | Reached skill level 5 in Spellcasting
 25418 | Lair:1   | Killed a black mamba
 25571 | D:11     | Noticed a hill giant
 25581 | D:11     | Killed a cyclops
 25915 | D:11     | Killed a hill giant
 26041 | D:11     | Killed a red ugly thing
 26045 | D:11     | Reached skill level 6 in Spellcasting
 26048 | D:11     | Paralysed by a wasp for 2 turns
 26102 | D:11     | Learned a level 5 spell: Shadow Creatures
 26107 | D:11     | Learned a level 4 spell: Animate Dead
 26203 | D:12     | Reached skill level 3 in Fighting
 26264 | D:12     | Reached skill level 4 in Fighting
 27252 | D:12     | Paralysed by a giant eyeball for 3 turns
 27273 | D:12     | HP: 18/85 [electric eel/bolt of electricity (11)]
 27874 | D:12     | Found a staircase to the Orcish Mines.
 27968 | D:12     | Paralysed by a giant eyeball for 4 turns
 28256 | D:12     | Reached skill level 7 in Spellcasting
 28543 | D:13     | Noticed Urug
 28943 | D:13     | Noticed Grum
 29048 | D:13     | HP: 21/85 [wolf spider zombie (9)]
 29333 | D:13     | Killed Urug
 29372 | D:13     | Reached skill level 8 in Spellcasting
 29409 | D:13     | Identified the +8 glaive of Ekholuac {antimagic, rPois rC+ MR++ SInv Stlth-} (You took it off an orc on level 13 of the Dungeon)
 29675 | D:13     | Killed Grum
 29777 | D:13     | Found a gate to the Vaults.
 30036 | D:14     | HP: 19/85 [unseen horror (5)]
 30287 | D:14     | Reached skill level 9 in Spellcasting
 30321 | D:14     | Reached XP level 15. HP: 79/90 MP: 3/32
 31135 | D:14     | Reached skill level 10 in Spellcasting
 32225 | D:15     | Entered Level 15 of the Dungeon
 32547 | D:15     | HP: 15/90 [raven[a tengu warrior] (13)]
 32547 | D:15     | HP: 4/90 [raven[a tengu warrior] (11)]
 32547 | D:15     | Slain by a raven

Action                   |  1- 3 |  4- 6 |  7- 9 | 10-12 | 13-15 || total
-------------------------+-------+-------+-------+-------+-------++-------
Melee: Short sword       |    81 |   128 |   227 |       |       ||   436
       Dagger            |       |       |    73 |   626 |   738 ||  1437
Throw: Tomahawk          |    20 |    62 |    35 |       |    37 ||   154
 Cast: Blink             |       |       |     8 |    11 |     2 ||    21
       Teleport Other    |       |       |       |    20 |     7 ||    27
       Mephitic Cloud    |       |       |       |    23 |     7 ||    30
       Passage of Golubr |       |       |       |     2 |     1 ||     3
       Shadow Creatures  |       |       |       |       |    34 ||    34
       Abjuration        |       |       |       |       |     1 ||     1
Invok: Transfer Knowledg |       |       |       |       |     1 ||     1
 Abil: Evoke Invisibilit |       |       |       |    18 |    42 ||    60
       Turn Visible      |       |       |       |     9 |    31 ||    40
Evoke: Wand              |       |       |    22 |     3 |    17 ||    42
       Lamp of fire      |       |       |       |     1 |     2 ||     3
  Use: Scroll            |     3 |     7 |    15 |    23 |    10 ||    58
       Potion            |       |     3 |     8 |     2 |       ||    13
 Stab: Sleeping          |     4 |     6 |    25 |    73 |   137 ||   245
       Confused          |       |       |       |     8 |     4 ||    12
       Distracted        |       |       |       |     6 |    12 ||    18
       Invisible         |       |       |       |    24 |    45 ||    69
  Eat: Chunk             |     1 |     8 |    21 |    32 |    46 ||   108
       Royal jelly       |       |       |     1 |       |       ||     1
       Pizza             |       |       |     1 |     2 |     4 ||     7
       Bread ration      |       |       |     1 |     2 |       ||     3
       Fruit             |       |       |       |     3 |     3 ||     6
       Beef jerky        |       |       |       |       |     7 ||     7

Vault maps used:
D:1:      lightli_iron_boxes
D:2:      trog_book
D:3:      lightli_sewer_entry_pipes
D:4:      xom_redecorated, uniq_edmund
D:5:      wad_pebble_path, lemuel_round_altar, first_bread,
          hangedman_abyss_or_decor_lesser_grid
D:6:      minmay_temple_entry_purple_smoke, corexii_mini_fake_secret_closet,
          minmay_misc_feat_rows, minmay_mini_ossuary
D:7:      kennysheep_big_flooded_room, okawaru_ov_weapons_minmay,
          nicolae_dithmenos_the_darkroom, fiery_altar_vehumet, led_sif_book,
          hangedman_glass_teeth
D:8:      boulder_corridor_run, basic_altar, uniq_maurice
D:9:      beetle_altar_1, kennysheep_little_box
D:10:     uniq_erica, uniq_sonja
D:11:     minmay_statue_hallways, dpeg_lair_monsters, blue_anna_alchemist,
          hangedman_decor_lopped, serial_bayou_ford_a, spider_trap,
          grunt_ministairs_12
D:12:     zombieorc2_lemuel
D:13:     david_vaults_4, uniq_urug, uniq_grum
D:14:     st_stairs_3, grunt_potential
D:15:     grunt_enter_depths_magical_seal, minmay_crystal_water, st_stairs_4,
          grunt_ministairs_11, serial_bayou_pond_b, hangedman_decor_points
Temple:   circular_temple_12
Lair:1:   cheibrodos_lair_reptile_den
Lair:2:   grunt_megastairs_4, lemuel_fruit_fields
Lair:3:   minmay_swamp_entry_worms, lab_entry_generic
Lair:4:   hangedman_lair_unloving_vines, beast_lair_carwin_11
Lair:5:   kennysheep_abandoned_house
Lair:6:   onia_ninara_swampy_vault, nicolae_volcano_entry_lava_flow
Lair:8:   hangedman_lair_tendril_chambers, slime_altar_1, guppyfry_lair_drakes
Lab:      labyrinth_spiral
Sewer:    sewer_fruit_machine
Volcano:  volcano_pools

Table legend:
 A = Turns spent in this place as a percentage of turns spent in the entire game.
 B = Non-inter-level travel turns spent in this place as a percentage of non-inter-level travel turns spent in the entire game.
 C = Inter-level travel turns spent in this place as a percentage of turns spent in this place.
 D = Turns resting spent in this place as a percentage of non-inter-level travel turns spent in this place.
 E = Turns spent auto-exploring this place as a percentage of non-inter-level travel turns spent in this place.
 F = Non-inter-level travel turns spent in this place divided by the number of levels of this place that you've seen.
                   A       B       C       D       E      F
               +-------+-------+-------+-------+-------+----------------------
         Total | 100.0 | 100.0 |   0.3 |   2.3 |   2.1 | 605.2
       Dungeon |  60.0 |  59.9 |   0.3 |   2.1 |   2.3 | 653.0
        Temple |   0.4 |   0.4 |   0.0 |   0.0 |   0.0 |  63.0
          Lair |  33.9 |  33.9 |   0.3 |   3.0 |   2.0 | 692.5
     Labyrinth |   2.3 |   2.3 |   0.0 |   0.0 |   0.0 | 374.0
         Sewer |   2.1 |   2.1 |   0.0 |   0.9 |   1.7 | 348.0
       Volcano |   1.3 |   1.4 |   0.0 |   1.8 |   0.0 | 221.0
               +-------+-------+-------+-------+-------+----------------------

Table legend:
 A = Kills in this place as a percentage of kills in entire the game.
 B = Kills by you in this place as a percentage of kills by you in the entire game.
 C = Kills by friends in this place as a percentage of kills by friends in the entire game.
 D = Other kills in this place as a percentage of other kills in the entire game.
 E = Experience gained in this place as a percentage of experience gained in the entire game.
 F = Experience gained in this place divided by the number of levels of this place that you have seen.
                   A       B       C       D       E      F
               +-------+-------+-------+-------+-------+----------------------
         Total | 100.0 | 100.0 | 100.0 | 100.0 | 100.0 | 3668.7
       Dungeon |  53.1 |  53.0 |  89.5 |  40.4 |  42.3 | 2795.1
          Lair |  43.0 |  43.0 |  10.5 |  57.4 |  56.0 | 6935.4
     Labyrinth |   0.1 |   0.1 |   0.0 |   0.0 |   1.1 | 1105.0
         Sewer |   3.2 |   3.5 |   0.0 |   0.0 |   0.1 |  92.0
       Volcano |   0.5 |   0.4 |   0.0 |   2.1 |   0.5 | 447.0
               +-------+-------+-------+-------+-------+----------------------
